 Dungeon Crawl Stone Soup version 0.31-b1-22-gc680215f68 (webtiles) character file.

Game seed: 14557932428645754261

105557 cdecastro the Metamorph (level 15, 0/51 HPs)
             Began as a Purple Draconian Shapeshifter on Jan 18, 2024.
             Was a Priest of Ignis.
             Slain by a cyan ugly thing (5 damage)
             ... on level 14 of the Dungeon.
             The game lasted 01:41:28 (33107 turns).

cdecastro the Metamorph (DrSh)                     Turns: 33107, Time: 01:41:28

Health: 0/51       AC: 11    Str: 18    XL:     15   Next: 95%
Magic:  15/15      EV: 25    Int: 13    God:    Ignis [***...]
Gold:   1333       SH:  0    Dex: 14    Spells: 12/14 levels left

rFire   + .          .
                       - Unarmed
rCold   . . .        (shield currently unavailable)
rNeg    . . .        (body armour unavailable)
rPois   ∞            (helmet currently unavailable)
rElec   +            c - melded +0 cloak
rCorr   .            U - melded +0 pair of gloves
SInv    .            V - melded +4 pair of boots "Uqumieh" {+Inv Int+2}
Will    +++..        o - amulet of the acrobat
Stlth   +            Q - ring of willpower
HPRegen 0.28/turn    W - +4 ring of protection
MPRegen 0.14/turn

%: acrobat
@: storm-form, marked, rising, flying
A: cleaving, insubstantial, flying, reduced hp, (breathe power), AC +9,
unfitting armour, (cold-blooded)
a: Blinkbolt, Begin Untransformation, Renounce Religion, Fiery Armour, Foxfire
Swarm


You were on level 14 of the Dungeon.
You worshipped Ignis.
Ignis was most pleased with you.
You were a lightning-filled tempest!
You visited 4 branches of the dungeon, and saw 23 of its levels.
You also visited: Sewer.

You collected 3079 gold pieces.
You spent 1746 gold pieces at shops.

Inventory:

Missiles
 h - 20 javelins
 M - 7 silver javelins
Armour
 c - a +0 cloak (melded)
 p - a +0 tower shield of cold resistance
 U - a +0 pair of gloves (melded)
 V - the +4 pair of boots "Uqumieh" (melded) {+Inv Int+2}
   (You found it on level 4 of the Lair of Beasts)

   Int+2:     It affects your intelligence (+2).
   +Inv:      It lets you turn invisible.
Jewellery
 b - a ring of ice
 g - a ring of see invisible
 m - a ring of flight
 o - an amulet of the acrobat (around neck)
 L - a ring of positive energy
 Q - a ring of willpower (left fist)
 T - a +6 ring of strength
 W - a +4 ring of protection (right fist)
 X - a ring of protection from fire
 Y - a ring of resist corrosion
Talismans
 F - a storm talisman (active)
 I - a serpent talisman
 S - a blade talisman
Wands
 n - a wand of flame (19) (quivered)
 x - a wand of light (31)
 C - a wand of mindburst (4)
 E - a wand of paralysis (9)
 J - a wand of iceblast (18)
Scrolls
 f - 2 scrolls of butterflies
 i - 8 scrolls of teleportation
 j - 5 scrolls of fog
 k - 8 scrolls of blinking
 s - 3 scrolls of enchant armour
 t - a scroll of amnesia
 y - a scroll of fear
 G - 7 scrolls of immolation
 N - 3 scrolls of revelation
 O - a scroll of poison
 P - 2 scrolls of enchant weapon
Potions
 a - 6 potions of lignification
 d - a potion of heal wounds
 e - 9 potions of curing
 l - 3 potions of invisibility
 q - 4 potions of haste
 r - 2 potions of berserk rage
 v - 3 potions of brilliance
 w - 7 potions of mutation
 z - 4 potions of resistance
 A - 3 potions of cancellation
 B - 2 potions of might
 D - 6 potions of attraction
 H - 4 potions of enlightenment
 K - a potion of degeneration {unknown}
 R - 3 potions of magic
Miscellaneous
 u - a phial of floods
 Z - a box of beasts


   Skills:
 - Level 10.6 Fighting
 - Level 10.0 Dodging
 - Level 14.2 Unarmed Combat
 - Level 7.3 Hexes
 - Level 10.4 Evocations
 * Level 17.0 Shapeshifting


You had 12 spell levels left.
You knew the following spells:

 Your Spells              Type           Power      Damage    Failure   Level
a - Jinxbite              Hex            38%        N/A       2%          2

Your spell library contained the following spells:

 Spells                   Type           Power      Damage    Failure   Level
 Blink                    Tloc           0%         N/A       43%         2
 Lesser Beckoning         Tloc           0%         N/A       43%         2
 Momentum Strike          Conj/Tloc      0%         3d8       43%         2
 Volatile Blastmotes      Fire/Tloc      0%         2d10      67%         3
 Silence                  Hex/Air        4%         N/A       88%         5
 Yara's Violent Unravell  Hex/Alch       4%         3d4       88%         5
 Fulminant Prism          Conj/Alch      0%         3d5       97%         4
 Iskenderun's Mystic Bla  Conj/Tloc      0%         2d3       97%         4
 Passage of Golubria      Tloc           0%         N/A       97%         4
 Vhi's Electric Charge    Tloc/Air       0%         N/A       97%         4
 Arcjolt                  Conj/Air       0%         1d10      100%        5
 Plasma Beam              Fire/Air       0%         2x1d10    100%        6
 Sculpt Simulacrum        Ice/Alch       0%         N/A       100%        6
 Enfeeble                 Hex            9%         N/A       100%        7
 Ozocubu's Refrigeration  Ice            0%         4d7       100%        7
 Lehudib's Crystal Spear  Conj/Erth      0%         10d2      100%        8
 Polar Vortex             Ice            0%         N/A       100%        9


Dungeon Overview and Level Annotations

Branches:
Dungeon (15/15)            Temple (1/1) D:6            Lair (5/5) D:8
 Shoals (0/4) Lair:2       Spider (0/4) Lair:2        Slime (0/5) Lair:4
    Orc (2/2) D:10            Elf (0/3) Orc:2        Vaults (0/5) D:14
  Sewer (visited)
 Depths: D:15

Altars:
Ashenzari
Cheibriados
Dithmenos
Elyvilon
Fedhas
Gozag
Hepliaklqana
Kikubaaqudgha
Makhleb
Nemelex Xobeh
Okawaru
Qazlal
Ru
Sif Muna
Trog
Uskayaw
Vehumet
Wu Jian
Xom
Yredelemnul
Zin
The Shining One
Ignis

Shops:
D:5 :   D:6 *   D:10 [=   D:11 [   Orc:2 =((:[

Portals:
Abyss: D:13
Trove: D:10 (show slimy rune of Zot)

Annotations:
D:13 2 transporters, PaiMei's ghost, journeyman DsNe
D:15 Louise


Innate Abilities, Weirdness & Mutations

You are a lightning-filled tempest!
Your electrical attacks strike out in all directions at once.
You are incredibly evasive.
Your insubstantial body is immune to petrification, constriction, and being set on fire You are flying.
Your maximum health is decreased, since you lack skill for your form.
Your armour is entirely melded.
You are incapable of wielding weapons or throwing items.
((You can breathe bolts of dispelling energy.))
((Your rich purple scales are hard. (AC +9)))
You cannot fit into any form of body armour.
You are immune to poison.
((You are cold-blooded and may be slowed by cold attacks.))


Message History

You fly upwards.
There is a stone staircase leading down here.
Unknown command.
Unknown command.
Okay, then.
You begin to rise into the air.
The centaur warrior hits you.
* * * LOW HITPOINT WARNING * * *
The centaur warrior misses you. The cyan ugly thing misses you.
The green ugly thing closely misses you.
Unknown command.
Unknown command.
You buffet the centaur warrior!
Lightning courses through the centaur warrior!
The centaur warrior is moderately wounded.
You buffet the green ugly thing!
You hit the cyan ugly thing.
The centaur warrior hits you but does no damage.
The centaur warrior kicks you but does no damage.
The cyan ugly thing misses you. The green ugly thing misses you.
Unknown command.
Unknown command.
Unknown command.
Unknown command.
Unknown command.
You blast the centaur warrior!!!
Lightning courses through the centaur warrior!
You kill the centaur warrior!
You closely miss the green ugly thing.
You hit the cyan ugly thing but do no damage.
Your Shapeshifting skill increases to level 17!
Unknown command.
Unknown command.
Unknown command.
You buffet the green ugly thing!
The green ugly thing is heavily wounded.
You batter the cyan ugly thing!!
The green ugly thing completely misses you.
The cyan ugly thing stings you.
* * * LOW HITPOINT WARNING * * *
The cyan ugly thing shocks you. You resist.
You die...

# #.##.##.#####.#
#.##.##)# #.# #.##.##.#
#.# #.##.##.#####.# #
#.##...#......# ##
###.#####.####..# .##
#...# #...##..##### ..#
#.### ###u##......# #.#
#.# #v##.####.# #.# #.#
#)u....##.#
#.####.#########..#.#.##.#
....##...................#
#.#.############..#.#.####
#...# #........# #.#.#
##.##.###.## ..#.#
#..........# .##.#
#.########.#


You could see 2 ugly things.

Vanquished Creatures
  Kirke (Lair:4)
  An orc warlord (Orc:1)
  A minotaur (Lair:4)
  Snorg (D:13)
  2 fire dragons (Lair:5)
  A vault guard (D:14)
  Harold (Lair:1)
  4 hydras
  7 boulder beetles
  A catoblepas (D:14)
  13 centaur warriors
  A death knight (D:13)
  5 two-headed ogres
  A deep troll earth mage (D:12)
  5 orc high priests (Orc:2)
  10 death yaks
  A tengu warrior (D:14)
  Urug (D:10)
  Nergalle (Lair:2)
  A skeletal warrior (D:13)
  Lodul (D:10)
  An arcanist (D:14)
  A flayed ghost (D:14)
  2 lindwurms (Lair:5)
  A swamp dragon (Lair:5)
  8 orc knights
  5 deep elf pyromancers
  3 orc sorcerers
  A deep elf zephyrmancer (D:14)
  A necromancer (D:14)
  4 ugly things (D:14)
  7 manticores
  Maurice (D:7)
  5 cyclopes
  A merfolk siren (Lair:2)
  11 elephants
  3 kobold blastminers
  6 orange demons (Orc:1)
  2 black mambas
  7 torpor snails
  Maggie (D:6)
  A gargoyle (D:14)
  An unseen horror (shapeshifter) (D:14)
  6 cane toads
  2 unseen horrors
  4 rime drakes
  2 efreet
  6 komodo dragons
  2 freezing wraiths (D:12)
  2 yaktaurs (D:12)
  7 trolls
  A merfolk (Lair:2)
  2 tengu conjurers (D:14)
  8 hornets
  A polar bear (Lair:3)
  3 tyrant leeches (Lair:5)
  26 blink frogs
  Grinder (D:6)
  16 slime creatures
  Sigmund (D:2)
  A spriggan (shapeshifter) (D:14)
  A spriggan (Lair:2)
  2 wyverns (D:9)
  3 wraiths
  49 yaks
  6 basilisks
  3 vampires
  3 steam dragons (Lair:5)
  2 hogs (Lair:4)
  A vampire mosquito (D:14)
  2 basilisks (shapeshifter)
  2 wargs (Orc:2)
  2 redbacks (Lair:2)
  4 hydra simulacra (D:14)
  4 acid dragons
  14 water moccasins
  A swamp drake (Lair:5)
  29 orc warriors
  2 sky beasts
  A black bear (D:6)
  4 ice beasts
  2 laughing skulls (D:14)
  4 centaurs
  14 ogres
  5 wolves (Lair:5)
  3 phantoms
  4 kobold brigands
  18 bullfrogs
  4 gnoll sergeants
  7 scorpions
  5 wights
  3 elephant simulacra (D:14)
  4 killer bees (D:9)
  10 howler monkeys
  2 electric eels (D:10)
  2 bombardier beetles
  2 hounds
  20 orc priests
  5 jellies
  Crazy Yiuf (D:2)
  A gnoll bouda (D:10)
  Jessica (D:2)
  21 orc wizards
  2 sleepcaps
  11 hell rats
  10 iguanas
  21 gnolls
  10 adders
  9 river rats
  A white imp (D:4)
  4 hell rat simulacra (D:14)
  3 ribbon worms
  2 dart slugs
  76 orcs
  4 bats
  8 endoplasms
  3 giant cockroaches
  9 goblins
  6 hobgoblins
  3 jackals (D:2)
  3 quokkas
  6 ball pythons
  4 frilled lizards
  21 kobolds
  18 rats
731 creatures vanquished.

Vanquished Creatures (others)
  A cyclops (D:12)
  3 humans (Lair:5)
  An orc wizard (D:12)
  An orc (Orc:1)
6 creatures vanquished.

Grand Total: 737 creatures vanquished

Notes
Turn   | Place    | Note
-------+----------+-------------------------------------------
     0 | D:1      | cdecastro the Draconian Shapeshifter began the quest for
                  | the Orb.
     0 | D:1      | Reached XP level 1. HP: 16/16 MP: 1/1
   244 | D:1      | Reached XP level 2. HP: 23/23 MP: 2/2
   717 | D:2      | Reached XP level 3. HP: 11/28 MP: 3/3
   886 | D:2      | Noticed Jessica
   893 | D:2      | Killed Jessica
   971 | D:2      | Noticed Sigmund
   996 | D:2      | Killed Sigmund
   997 | D:2      | Reached skill level 5 in Unarmed Combat
   997 | D:2      | Reached skill level 4 in Shapeshifting
   997 | D:2      | Reached XP level 4. HP: 9/35 MP: 4/4
   997 | D:2      | Reached XP level 5. HP: 10/40 MP: 5/5
  1399 | D:2      | Found a runed translucent door.
  1400 | D:2      | Noticed Crazy Yiuf
  1827 | D:3      | Reached XP level 6. HP: 47/47 MP: 6/6
  1922 | D:3      | Found a faded altar of an unknown god.
  1926 | D:3      | Prayed at the altar of an unknown god.
  1926 | D:3      | Became a worshipper of Ignis, the Dying Flame
  2860 | D:4      | Found a snail-covered altar of Cheibriados.
  3104 | D:4      | Your scales start taking on a rich purple colour.
  3104 | D:4      | Reached XP level 7. HP: 52/52 MP: 7/7
  3203 | D:4      | Reached skill level 5 in Shapeshifting
  3573 | D:5      | Entered Level 5 of the Dungeon
  3598 | D:5      | Learned a level 2 spell: Jinxbite
  3825 | D:5      | Found Keentit's Book Shop.
  3942 | D:5      | Found a shadowy altar of Dithmenos.
  3961 | D:5      | Reached XP level 8. HP: 25/59 MP: 8/8
  4018 | D:5      | Found a glowing drain.
  4036 | Sewer    | Entered a sewer
  4524 | D:6      | Noticed Grinder
  4525 | D:6      | Paralysed by Grinder for 3 turns
  4658 | D:6      | Killed Grinder
  4659 | D:6      | Reached skill level 6 in Shapeshifting
  5320 | D:6      | Reached skill level 10 in Unarmed Combat
  5382 | D:6      | Reached XP level 9. HP: 64/64 MP: 9/9
  5398 | D:6      | Reached skill level 7 in Shapeshifting
  5627 | D:6      | Found a staircase to the Ecumenical Temple.
  5865 | D:6      | Noticed Maggie
  5999 | D:6      | Killed Maggie
  6092 | D:6      | Found Pilozix's Assorted Antiques.
  6095 | D:6      | Bought a scroll of identify for 60 gold pieces
  6095 | D:6      | Bought a golden potion for 27 gold pieces
  6095 | D:6      | Bought an amethyst potion for 27 gold pieces
  6095 | D:6      | Bought a cyan potion for 27 gold pieces
  6095 | D:6      | Bought a scroll labelled BOF RUERPHA for 30 gold pieces
  6464 | Temple   | Entered the Ecumenical Temple
  6973 | D:7      | Noticed Maurice
  6982 | D:7      | Maurice stole 11 javelins
  6983 | D:7      | Maurice stole a flux talisman
  6984 | D:7      | Maurice stole a +5 long sword
  6987 | D:7      | Killed Maurice
  7182 | D:7      | Reached skill level 8 in Shapeshifting
  7203 | D:7      | Found a shimmering blue altar of Sif Muna.
  7584 | D:8      | Reached XP level 10. HP: 42/71 MP: 10/10
  7680 | D:8      | Found a staircase to the Lair.
  8100 | D:9      | Noticed a two-headed ogre
  8120 | D:9      | Killed a two-headed ogre
  8231 | D:9      | Reached skill level 9 in Shapeshifting
  8243 | D:9      | Reached skill level 5 in Fighting
  8656 | D:9      | Noticed a manticore
  8673 | D:9      | Killed a manticore
  9598 | D:10     | Entered Level 10 of the Dungeon
  9882 | D:10     | Found a portal to a secret trove of treasure.
  9963 | D:10     | Reached XP level 11. HP: 90/92 MP: 11/11
  9973 | D:10     | Noticed Lodul
 10081 | D:10     | Found a burning altar of Makhleb.
 10245 | D:10     | Found Esufuekk's Jewellery Emporium.
 10260 | D:10     | Found Musutod's Specialty Armours.
 10260 | D:10     | Noticed a centaur warrior
 10271 | D:10     | Killed a centaur warrior
 10353 | D:10     | Noticed Urug
 10389 | D:10     | Killed Urug
 10627 | D:10     | Found an iron altar of Okawaru.
 10632 | D:10     | Reached skill level 10 in Shapeshifting
 10632 | D:10     | Found a blossoming altar of Fedhas.
 10661 | D:10     | Killed Lodul
 11096 | D:10     | Found a staircase to the Orcish Mines.
 11474 | D:11     | Found Resch's Antique Armour Shoppe.
 12089 | D:11     | Reached skill level 10 in Fighting
 12232 | D:11     | Noticed a two-headed ogre
 12253 | D:11     | Killed a two-headed ogre
 12835 | D:11     | Noticed a boulder beetle
 12851 | D:11     | Killed a boulder beetle
 13186 | D:12     | Noticed a six-headed hydra
 13200 | D:12     | Killed a six-headed hydra
 13245 | D:12     | Reached skill level 11 in Shapeshifting
 13255 | D:12     | Reached XP level 12. HP: 45/108 MP: 12/12
 13354 | D:12     | Noticed a deep troll earth mage
 13354 | D:12     | Noticed a centaur warrior
 13823 | D:10     | Noticed a two-headed ogre
 13831 | D:10     | Killed a two-headed ogre
 13832 | D:10     | Reached skill level 5 in Dodging
 14005 | D:2      | Killed Crazy Yiuf
 14229 | Lair:1   | Entered Level 1 of the Lair of Beasts
 14465 | Lair:1   | Noticed a boulder beetle
 14484 | Lair:1   | Killed a boulder beetle
 15372 | Lair:1   | Noticed Harold
 15381 | Lair:1   | Killed Harold
 15926 | Lair:2   | Reached skill level 12 in Shapeshifting
 16076 | Lair:2   | Found a hole to the Spider Nest.
 16139 | Lair:2   | Noticed Nergalle
 16149 | Lair:2   | Killed Nergalle
 16206 | Lair:2   | Noticed an eight-headed hydra
 16361 | Lair:2   | Identified the +1 quarterstaff of Blood-Lust {freeze, rPois
                  | rF+ rCorr Str-2}
 16707 | Lair:2   | Found a staircase to the Shoals.
 16721 | Lair:2   | Reached XP level 13. HP: 78/114 MP: 13/13
 17777 | Lair:3   | Reached skill level 10 in Dodging
 18171 | Lair:4   | Identified the +4 pair of boots "Uqumieh" {+Inv Int+2}
 18312 | Lair:4   | Reached skill level 1 in Hexes
 18529 | Lair:4   | Found a staircase to the Slime Pits.
 18668 | Lair:4   | Found a runed translucent door.
 18857 | Lair:4   | Reached skill level 5 in Hexes
 18857 | Lair:4   | Reached skill level 13 in Shapeshifting
 19727 | Lair:4   | Noticed a minotaur
 19736 | Lair:4   | Killed a minotaur
 19956 | Lair:5   | Entered Level 5 of the Lair of Beasts
 20206 | Lair:5   | Noticed Kirke
 20222 | Lair:4   | Killed Kirke
 20272 | Lair:5   | Reached skill level 1 in Evocations
 20647 | Lair:5   | Reached XP level 14. HP: 106/122 MP: 14/14
 20857 | Lair:5   | Reached skill level 5 in Evocations
 22454 | Lair:5   | Reached skill level 14 in Shapeshifting
 25341 | D:13     | Noticed Snorg
 25350 | D:13     | Killed Snorg
 25351 | D:13     | Reached skill level 10 in Evocations
 25796 | D:13     | Found a transporter.
 25886 | D:13     | Found a transporter.
 26053 | D:13     | Found a one-way gate to the infinite horrors of the Abyss.
 26053 | D:13     | Noticed PaiMei's ghost (journeyman DsNe)
 26705 | D:14     | Reached XP level 15. HP: 128/128 MP: 15/15
 26854 | D:14     | Reached skill level 15 in Shapeshifting
 28146 | D:14     | Upgraded the game from 0.31-b1-20-g67cafac56d to
                  | 0.31-b1-22-gc680215f68
 28866 | D:14     | Found a gate to the Vaults.
 29369 | D:14     | Reached skill level 16 in Shapeshifting
 29524 | D:15     | Entered Level 15 of the Dungeon
 29524 | D:15     | Noticed Louise
 29797 | Orc:1    | Entered Level 1 of the Orcish Mines
 30899 | Orc:2    | Entered Level 2 of the Orcish Mines
 31806 | Orc:2    | Found a staircase to the Elven Halls.
 31866 | Orc:2    | Found Uczecser's Antique Armour Boutique.
 32776 | Orc:2    | Found Ceturima's Jewellery Boutique.
 32779 | Orc:2    | Found Leraeh's Weapon Shop.
 32780 | Orc:2    | Found Oxzif's Book Boutique.
 32781 | Orc:2    | Found Joajiy's Weapon Boutique.
 32790 | Orc:2    | Bought a storm talisman for 1200 gold pieces
 32790 | Orc:2    | Bought a ring of willpower for 375 gold pieces
 33107 | D:14     | Reached skill level 17 in Shapeshifting
 33107 | D:14     | Slain by a cyan ugly thing

Illustrated notes

Levels and vault maps discovered:
D:1:      lemuel_arrival_hallway, layout_loops_ring, minmay_misc_feat_hallway
D:2:      layout_basic, minivault_19, uniq_sigmund, uniq_jessica,
          uniq_crazy_yiuf_cottage
D:3:      layout_basic, ebering_ecumenical_altar_box
D:4:      layout_loops_ring, mainiacjoe_overflow_paths
D:5:      layout_cave_pools, grunt_dithmenos_shadows, serial_shops, shop,
          cheibrodos_sewer_entry_bend
D:6:      layout_layer_cave, minmay_temple_entry_overgrown, serial_shops,
          kennysheep_mini_moat, uniq_grinder, uniq_maggie
D:7:      layout_basic, lemuel_blue_sif_altar, uniq_maurice
D:8:      layout_basic, lair_entry_dummy, minivault_24
D:9:      layout_basic
D:10:     layout_basic, mainiacjoe_overflow_divided_tiny,
          lightli_temple_of_fire, orc_0_dummy, serial_shops, kennysheep_mini,
          nicolae_trove_entry_isolated, nicolae_barding_shop, uniq_lodul,
          uniq_urug
D:11:     layout_loops_corners, serial_shops, shop, serial_rivers,
          chequers_serial_rivers_marsh, chequers_serial_rivers_room_a,
          chequers_serial_rivers_micro_e, chequers_serial_rivers_marsh,
          chequers_serial_rivers_small_3, chequers_serial_rivers_small_a,
          minmay_lizard_king
D:12:     layout_small_grid, gauntlet_entry_generic, nicolae_doodle_vault
D:13:     layout_rooms, gammafunk_ghost_abyssal_escape, uniq_snorg
D:14:     minmay_the_grid_octo_tiled_octocenter
          [minmay_the_grid_octo_concentric, minmay_the_grid_octo_teeth,
          minmay_the_grid_octo_empty, minmay_the_grid_octo_clover_2,
          minmay_the_grid_octo_prize_ultimate_mussel_roller,
          minmay_the_grid_square_5x5_spiral_small,
          minmay_the_grid_square_5x5_three_walls,
          minmay_the_grid_square_5x5_inner_v, minmay_the_grid_square_5x5_seven],
          layout_loops_ring, david_vaults_5, eino_house_with_fridge
D:15:     grunt_enter_depths_giant_problem, layout_layer_cave, abandoned_shop,
          uniq_agnes, uniq_louise
Temple:   kb_temple_of_zot
Lair:1:   layout_loops_ring, infiniplex_staircase_pool_2, grunt_megastairs_3,
          uniq_harold
Lair:2:   layout_roguey, elwin_shoals_entry_rooms, spider_nest_entry_webs,
          minivault_11, grunt_forest_large_clearing_hut, uniq_nergalle
Lair:3:   layout_roguey
Lair:4:   dreamdust_labyrinth, layout_concentric_octagons,
          nicolae_slime_entry_field_trip
Lair:5:   guppyfry_lair_end_dragon, layout_cave_pods, wormcave,
          kennysheep_abandoned_house, uniq_kirke
Orc:1:    layout_caves, basic_altar, einodemon_barbed_minivault
Orc:2:    st_orc_pillars, layout_caves, serial_shops, shop

Skill      XL: |  1  2  3  4  5  6  7  8  9 10 11 12 13 14 15 |
---------------+----------------------------------------------+-----
Unarmed Combat | 5 6 8 10 12 14 | 14.2
Shapeshifting  | 4 5 6 8 9 11 12 13 14 17 | 17.0
Fighting       | 7 10 | 10.6
Dodging        | 4 9 10 | 10.0
Hexes          | 7 |  7.3
Evocations     | 4 10 | 10.4

Action                     |  1- 3 |  4- 6 |  7- 9 | 10-12 | 13-15 || total
---------------------------+-------+-------+-------+-------+-------++-------
  Melee: Unarmed           |    75 |   140 |   274 |   698 |  1300 ||  2487
         Tailslap          |     6 |    17 |    31 |   128 |   114 ||   296
         Punch             |     1 |     3 |    13 |     9 |    32 ||    58
         Constrict         |       |       |       |       |   135 ||   135
  Throw: Dart              |       |       |     7 |       |       ||     7
         Javelin           |       |       |     1 |       |       ||     1
 Invoke: Fiery Armour      |       |       |       |     3 |     2 ||     5
         Rising Flame      |       |       |       |       |     1 ||     1
Ability: Breathe Dispellin |       |       |     1 |     4 |     1 ||     6
         Begin Untransform |       |       |     1 |     2 |     6 ||     9
  Evoke: Wand              |       |       |       |       |     1 ||     1
    Use: Potion            |     1 |       |     3 |       |     6 ||    10
         Scroll            |       |       |     9 |     4 |    17 ||    30
   Stab: Invisible         |       |       |     2 |       |     1 ||     3
         Sleeping          |       |       |       |     1 |     2 ||     3
         Distracted        |       |       |       |     1 |     1 ||     2
         Petrified         |       |       |       |       |     4 ||     4
 Armour: Skin              |    26 |    49 |    95 |   298 |   763 ||  1231
  Dodge: Dodged            |    37 |    65 |   129 |   518 |   947 ||  1696
  Block: Other             |     8 |    11 |       |       |       ||    19
   Form: Flux              |       |       |     1 |     1 |     1 ||     3
         Blade             |       |       |       |     1 |     1 ||     2
         Serpent           |       |       |       |       |     3 ||     3
         Storm             |       |       |       |       |     1 ||     1
